 Dungeon Crawl Stone Soup version 0.30-a0-457-g4b7bca3bfa (webtiles) character file.

Game seed: 12190222334397744382

2877 gelatine the Magician (level 9, 0/65 HPs)
             Began as a Demonspawn Fire Elementalist on Dec 12, 2022.
             Was a Believer of Dithmenos.
             Slain by a wyvern (6 damage)
             ... on level 7 of the Dungeon.
             The game lasted 00:26:46 (8130 turns).

gelatine the Magician (DsFE)                        Turns: 8130, Time: 00:26:46

Health: 0/65       AC:  5    Str:  9    XL:     9   Next: 48%
Magic:  4/18       EV: 13    Int: 21    God:    Dithmenos [**....]
Gold:   300        SH:  0    Dex: 13    Spells: 2/20 levels left

rFire   . . .      SeeInvis .    q - +3 dagger (flame)
rCold   . . .      Faith    .    (no shield)
rNeg    + . .      Spirit   .    r - +0 robe {rN+}
rPois   +          Reflect  .    y - +0 helmet
rElec   .          Harm     .    (no cloak)
rCorr   .          Rampage  .    (no gloves)
Will    .....                    (no boots)
Stlth   +++.......               (no amulet)
HPRegen 0.30/turn                c - ring of poison resistance
MPRegen 0.32/turn                s - ring of flight

@: weakened, flying, very slightly contaminated, wreathed by umbra
A: icy blue scales 1, demonic guardian 2, magic regeneration
a: Renounce Religion, Shadow Step


You were on level 7 of the Dungeon.
You worshipped Dithmenos.
Dithmenos was pleased with you.
You visited 2 branches of the dungeon, and saw 8 of its levels.

You collected 370 gold pieces.
You spent 70 gold pieces at shops.

Inventory:

Hand Weapons
 n - a +1 dagger of pain
 q - a +3 dagger of flaming (weapon)
 v - a +5 dagger of freezing
Missiles
 p - 10 poisoned darts
 B - a silver javelin
 C - a throwing net
 D - 3 boomerangs
Armour
 r - a +0 robe of positive energy (worn)
 u - a +0 leather armour of fire resistance
 y - a +0 helmet (worn)
 z - a +1 leather armour of poison resistance
Jewellery
 c - a ring of poison resistance (left hand)
 s - a ring of flight (right hand)
Wands
 h - a wand of paralysis (13)
 w - a wand of digging (1)
Scrolls
 d - a scroll of poison
 e - 5 scrolls of teleportation
 o - a scroll of acquirement {unknown}
 x - a scroll of magic mapping {unknown}
 A - a scroll of silence {unknown}
Potions
 a - 2 potions of flight {unknown}
 b - 2 potions of magic
 g - 4 potions of curing
 i - 2 potions of haste
 j - 3 potions of might
 k - 2 potions of brilliance
 l - a potion of berserk rage {unknown}
 m - 2 potions of heal wounds {unknown}
 t - 3 potions of invisibility {unknown}


   Skills:
 * Level 3.8 Fighting
 * Level 2.9 Short Blades
 * Level 3.8 Dodging
 * Level 4.3 Stealth
 + Level 6.4 Spellcasting
 + Level 4.0 Conjurations
 + Level 1.6 Hexes
 + Level 0.3 Translocations
 + Level 5.9 Fire Magic
 + Level 0.9 Air Magic
 + Level 3.4 Invocations
 * Level 1.4 Evocations


You had 2 spell levels left.
You knew the following spells:

 Your Spells              Type           Power      Damage    Failure   Level
a - Foxfire               Conj/Fire      100%       2x1d9     1%          1
b - Scorch                Fire           62%        2d8       1%          2
c - Inner Flame           Hex/Fire       22%        N/A       6%          3
d - Kindle Blastsparks    Fire/Tloc/Air  32%        2d12      11%         3
e - Flame Wave            Conj/Fire      27%        2d9       12%         4
f - Fireball              Conj/Fire      13%        3d7       32%         5

Your spell library contained the following spells:

 Spells                   Type           Power      Damage    Failure   Level
 Static Discharge         Conj/Air       34%        2-4/arc   4%          2
 Ensorcelled Hibernation  Hex/Ice        20%        N/A       11%         2
 Passwall                 Tmut/Erth      5%         N/A       14%         2
 Swiftness                Air            10%        N/A       19%         3
 Vhi's Electric Charge    Tloc/Air       18%        N/A       22%         3
 Spider Form              Tmut/Pois      6%         N/A       28%         3
 Anguish                  Hex/Necr       5%         N/A       54%         4
 Arcjolt                  Conj/Air       8%         1d18      67%         5
 Lightning Bolt           Conj/Air       8%         1d21      67%         5
 Starburst                Conj/Fire      13%        6d6       88%         6


Dungeon Overview and Level Annotations

Branches:
Dungeon (7/15)             Temple (1/1) D:5

Altars:
Ashenzari
Cheibriados
Dithmenos
Fedhas
Gozag
Hepliaklqana
Kikubaaqudgha
Makhleb
Nemelex Xobeh
Okawaru
Qazlal
Ru
Sif Muna
Trog
Uskayaw
Wu Jian
Xom
Yredelemnul

Shops:
D:2 ??[(   D:6 (


Innate Abilities, Weirdness & Mutations

You are partially covered in icy blue scales. (AC +2)
A demonic guardian rushes to your aid.
You regenerate magic rapidly.


Message History

Your demonic guardian avoids your attack.
The flame wave engulfs Menkaure.
Menkaure is burned terribly!
Menkaure is severely damaged.
The flame wave engulfs the gnoll bouda!
The gnoll bouda is almost dead.
You finish channelling waves of flame.
You hear an angry hiss.
You hear a shout!
A wyvern comes into view.
Menkaure calls on the powers of darkness!
The gnoll convulses!
Your body is wracked with pain!
* * * LOW HITPOINT WARNING * * *
You swap places.
Menkaure hits your rust devil!!
The gnoll bouda gazes fiercely through you!
You feel as though you will be weak longer.
The gnoll bouda barely misses your rust devil.
Your rust devil hits Menkaure.
Your rust devil corrodes Menkaure!
Your rust devil hits Menkaure!
Menkaure is destroyed!
Dithmenos accepts your kill.
Your Conjurations skill increases to level 4!
Your rust devil hits the wyvern.
Your rust devil corrodes the wyvern!
The gnoll bouda gazes fiercely through you!
You feel as though you will be weak longer.
The wyvern attacks as you move away! The wyvern bites you!
* * * LOW HITPOINT WARNING * * *
The wyvern bites you.
* * * LOW HITPOINT WARNING * * *
A demonic guardian appears!
The gnoll bouda barks out a call to the hunt!
The gnoll picks up the pace!
The gnoll hits something but does no damage.
Casting: Flame Wave (dangerous; 12% risk of failure)
Confirm with . or Enter, or press ? or * to list all spells.
Flames lash the wyvern.
The wyvern is moderately wounded.
The wyvern's fire resistance burns away.
The wyvern bites you.
* * * LOW HITPOINT WARNING * * *
The wyvern bites you.
You die...

..... . ...... .....##
...#.. ###### .......
...#.. ##....## #))..
#..... ####
#....)4###..).###.....
...###
##.)..@l.##.).##..))...
##...## ##..)####..#
#.....)†...
####..####...##
#..###..........
#...##....#
##.g#...g).)....
##..##...##
#..g..g4.......
#..##...#
##...#....#...#
#.......#
#######..##...
#......## #.....##
##.....## ###....


You could see a wyvern (combustible, corroded, ally target), a gnoll bouda, a
gnoll (swift) and a friendly rust devil (summoned).

Vanquished Creatures
  Pikel (D:4)
  Sigmund (D:2)
  Eustachio (D:4)
  Edmund (D:6)
  A black bear (D:6)
  2 ice beasts
  A sky beast (D:7)
  2 ogres
  A lemure (D:4)
  Blork the orc (D:4)
  A phantom (D:6)
  A bullfrog (D:6)
  4 scorpions
  A gnoll sergeant (D:7)
  6 killer bees (D:7)
  A howler monkey (D:5)
  An orc priest (D:3)
  2 hounds (D:5)
  3 iguanas
  Ijyb (D:4)
  Natasha (thrice) (D:4)
  3 orc wizards
  6 gnolls (D:7)
  3 adders
  A shadow imp (D:6)
  4 dart slugs
  15 orcs
  10 endoplasms
  A giant cockroach (D:1)
  8 hobgoblins
  3 quokkas (D:1)
  3 training dummies (D:6)
  10 ball pythons
  9 bats
  3 frilled lizards
  11 goblins
  6 kobolds
  10 rats
142 creatures vanquished.

Vanquished Creatures (collateral kills)
  Menkaure (D:7)
  An orc priest (D:3)
  An adder (D:4)
  An orc (D:3)
4 creatures vanquished.

Vanquished Creatures (others)
  503 foxfires
503 creatures vanquished.

Grand Total: 649 creatures vanquished

Notes
Turn   | Place    | Note
-------+----------+-------------------------------------------
     0 | D:1      | gelatine the Demonspawn Fire Elementalist began the quest
                  | for the Orb.
     0 | D:1      | Reached XP level 1. HP: 13/13 MP: 3/3
   189 | D:1      | Gained mutation: You are partially covered in icy blue
                  | scales. (AC +2) [demonic ancestry]
   189 | D:1      | Reached XP level 2. HP: 19/19 MP: 0/5
   776 | D:1      | Reached XP level 3. HP: 24/24 MP: 4/6
  1480 | D:2      | Learned a level 2 spell: Scorch
  1521 | D:2      | Found Cucaez's Antique Weapon Shop.
  1610 | D:2      | Noticed Sigmund
  1618 | D:2      | Killed Sigmund
  1619 | D:2      | Reached skill level 3 in Spellcasting
  1619 | D:2      | Gained mutation: A weak demonic guardian rushes to your
                  | aid. [demonic ancestry]
  1619 | D:2      | Reached XP level 4. HP: 30/30 MP: 1/9
  1619 | D:2      | Reached XP level 5. HP: 35/35 MP: 1/10
  1716 | D:2      | Found Cialu's Magic Scroll Shop.
  1809 | D:2      | Bought a scroll of identify for 26 gold pieces
  1953 | D:2      | Found Carecsi's Antique Armour Emporium.
  1963 | D:2      | Reached skill level 4 in Spellcasting
  2068 | D:2      | Found a faded altar of an unknown god.
  2118 | D:2      | Prayed at the altar of an unknown god.
  2118 | D:2      | Became a worshipper of Dithmenos the Shadowed
  2118 | D:2      | Reached * piety under Dithmenos
  2179 | D:2      | Found Busafrull's Magic Scroll Shop.
  2184 | D:2      | Bought a scroll of identify for 22 gold pieces
  2184 | D:2      | Bought a scroll of identify for 22 gold pieces
  2517 | D:3      | Found a burning altar of Makhleb.
  2738 | D:3      | Gained mutation: A demonic guardian rushes to your aid.
                  | [demonic ancestry]
  2738 | D:3      | Reached XP level 6. HP: 39/41 MP: 1/12
  3432 | D:3      | Found an ancient bone altar of Kikubaaqudgha.
  3521 | D:4      | Noticed Natasha
  3531 | D:4      | Killed Natasha
  3987 | D:4      | Reached ** piety under Dithmenos
  4171 | D:4      | Noticed Blork the orc
  4195 | D:4      | Killed Blork the orc
  4196 | D:4      | Reached XP level 7. HP: 47/47 MP: 6/14
  4303 | D:4      | Noticed Ijyb
  4308 | D:4      | Paralysed by Ijyb for 4 turns
  4317 | D:4      | Killed Ijyb
  4431 | D:4      | Noticed Pikel
  4457 | D:4      | Killed Pikel
  4458 | D:4      | Reached skill level 1 in Fighting
  4458 | D:4      | Reached skill level 1 in Short Blades
  4458 | D:4      | Reached skill level 5 in Spellcasting
  4458 | D:4      | Reached XP level 8. HP: 27/54 MP: 1/15
  4474 | D:4      | Noticed Natasha
  4478 | D:4      | Killed Natasha
  4618 | D:4      | Learned a level 3 spell: Inner Flame
  4622 | D:4      | Learned a level 3 spell: Kindle Blastsparks
  4627 | D:4      | Learned a level 4 spell: Flame Wave
  5128 | D:4      | Noticed Eustachio
  5140 | D:4      | Killed Eustachio
  5141 | D:4      | Reached skill level 5 in Fire Magic
  5380 | D:4      | Noticed Natasha
  5426 | D:4      | Killed Natasha
  5496 | D:5      | Entered Level 5 of the Dungeon
  5506 | D:5      | Found a staircase to the Ecumenical Temple.
  5569 | D:5      | Found a shimmering altar of Xom.
  5640 | Temple   | Entered the Ecumenical Temple
  6259 | D:5      | Reached skill level 1 in Hexes
  6610 | D:5      | Found a sparkling altar of Nemelex Xobeh.
  7042 | D:6      | Found Lepoliet's Firing Range.
  7156 | D:6      | Reached skill level 6 in Spellcasting
  7176 | D:6      | Gained mutation: You regenerate magic rapidly. [demonic
                  | ancestry]
  7176 | D:6      | Reached XP level 9. HP: 52/64 MP: 6/18
  7386 | D:6      | Noticed Edmund
  7394 | D:6      | Killed Edmund
  7557 | D:6      | Found a stormy altar of Qazlal.
  7847 | D:7      | Learned a level 5 spell: Fireball
  8107 | D:7      | Noticed Menkaure
  8114 | D:7      | Reached skill level 1 in Evocations
  8120 | D:7      | Killed Menkaure
  8130 | D:7      | Slain by a wyvern

Illustrated notes

Levels and vault maps discovered:
D:1:      giann_horns, layout_loops_ring, amcnicky_mini_corridor_feature,
          minmay_misc_feat_nine_boxes, minmay_unequal
D:2:      layout_rooms, chequers_ecumenical_altar_island, serial_shops,
          nicolae_shop_behind_doors, nicolae_lakefront_shop,
          nicolae_shop_hallway_stairs, shop, uniq_sigmund
D:3:      layout_basic, nicolae_overflow_hidden_temple,
          mainiacjoe_overflow_catwalk
D:4:      layout_basic, minmay_fractal_squares_diagonal_5, uniq_eustachio,
          uniq_ijyb, uniq_blork_the_orc, uniq_natasha, uniq_pikel
D:5:      layout_loops_ring, mainiacjoe_overflow_alcove_2,
          mainiacjoe_overflow_alcove_1, minmay_temple_entry_tees
D:6:      layout_loops_corners, general_overflow_altar,
          hangedman_decor_clover_reticule, nicolae_shop_firing_range,
          uniq_edmund
D:7:      layout_layer_cave, uniq_menkaure
Temple:   regret_index_temple_waves

Skill      XL: |  1  2  3  4  5  6  7  8  9 |
---------------+----------------------------+-----
Fire Magic     | 3 4 5 |  5.9
Dodging        | 2 3 |  3.8
Stealth        | 2 3 4 |  4.3
Spellcasting   | 3 4 5 6 |  6.4
Conjurations   | 2 3 4 |  4.0
Fighting       | 1 3 |  3.8
Short Blades   | 1 2 |  2.9
Invocations    | 2 3 |  3.4
Hexes          | 1 |  1.6
Evocations     | 1 |  1.4
Translocations | |  0.3
Air Magic      | |  0.9

Action                   |  1- 3 |  4- 6 |  7- 9 || total
-------------------------+-------+-------+-------++-------
Melee: Unarmed           |     2 |       |       ||     2
       Club              |    20 |       |       ||    20
       Short sword       |     7 |       |       ||     7
       Dagger            |       |    25 |    45 ||    70
       Punch             |       |       |     1 ||     1
 Cast: Foxfire           |    75 |    82 |   140 ||   297
       Scorch            |     1 |    17 |    26 ||    44
       Kindle Blastspark |       |       |     6 ||     6
       Inner Flame       |       |       |     5 ||     5
       Flame Wave        |       |       |     2 ||     2
  Use: Scroll            |       |    12 |     4 ||    16
       Potion            |       |       |     1 ||     1
 Stab: Sleeping          |       |       |     1 ||     1
Armor: Robe              |    17 |    11 |     8 ||    36
Dodge: Dodged            |    35 |    21 |    48 ||   104

Table legend: (Time is in decaauts)
 A = Elapsed time spent in this place.
 B = Non-inter-level travel time spent in this place.
 C = Inter-level travel time spent in this place.
 D = Time resting spent in this place.
 E = Time spent auto-exploring this place.
 F = Levels seen in this place.
 G = Mean time per level.
                   A        B        C        D        E       F      G
               +--------+--------+--------+--------+--------+-----+--------+
         Total |   8145 |   7742 |    403 |      4 |   6645 |   8 | 1018.1 |
       Dungeon |   8039 |   7653 |    386 |      4 |   6568 |   7 | 1148.4 |
        Temple |    105 |     88 |     17 |      0 |     77 |   1 |  105.0 |
               +--------+--------+--------+--------+--------+-----+--------+

Top non-repeatable levels by time:
     D:4: 2050 daAuts
     D:1: 1477 daAuts
     D:6: 1114 daAuts
     D:5: 1080 daAuts
     D:3: 1060 daAuts
     D:2: 925 daAuts
     D:7: 330 daAuts
  Temple: 105 daAuts
